 Dungeon Crawl Stone Soup version 0.20.1-1-g8b1a95d (webtiles) character file.

12499 Monsterracer the Martial Artist (level 11, -1/92 HPs)
             Began as a Pale Draconian Transmuter on Oct 15, 2017.
             Was a High Priest of Ru.
             Slain by bmj180's ghost (23 damage)
             ... on level 11 of the Dungeon.
             The game lasted 00:26:27 (13773 turns).

Monsterracer the Martial Artist (DrTm)             Turns: 13773, Time: 00:26:28

Health: -1/92      AC:  9    Str: 12    XL:     11   Next: 63%
Magic:  5/14       EV: 14    Int: 17    God:    Ru [*****.]
Gold:   508        SH:  0    Dex: 14    Spells: 0/14 levels left

rFire    . . .     SeeInvis .     - Unarmed
rCold    + . .     Gourm    .   (shield unavailable)
rNeg     . . .     Faith    .   (armour unavailable)
rPois    .         Spirit   .   p - +2 hat
rElec    .         Reflect  .   (no cloak)
rCorr    .         Harm     .   (gloves currently unavailable)
MR       +....                  (no boots)
Stlth    ++........             (no amulet)
Regen    0.3/turn               (ring unavailable)
MPRegen  0.2/turn               j - ring of ice

@: short of breath, blade hand, very slightly contaminated, drained
A: breathe steam, unfitting armour, agile 1, blink, fire resistance 1, magic
resistance 1, screaming 1, evolution 1, cold-blooded, missing a hand, inability
to use devices, missing an eye, AC +7
a: Breathe Steam, End Transformation, Blink, Draw Out Power, Power Leap,
Apocalypse, Renounce Religion


You were on level 11 of the Dungeon.
You worshipped Ru.
Ru was extremely pleased with you.
You were near starving.
You had blades for hand.
You visited 2 branches of the dungeon, and saw 12 of its levels.
You also visited: Ossuary.

You collected 508 gold pieces.

Inventory:

Missiles
 a - 238 arrows
Armour
 p - a +2 hat (worn)
 v - a +0 pair of gloves (melded)
Magical Staves
 b - an uncursed staff of fire {!a}
Jewellery
 j - a ring of ice (right scythe-like blade)
Scrolls
 h - 7 scrolls of remove curse
 l - a scroll of amnesia
 o - a scroll of silence
 x - 4 scrolls of fear
 y - a scroll of fog
 E - 2 scrolls of teleportation
Potions
 d - 3 potions of mutation
 e - 4 potions of haste
 f - 2 potions of invisibility {unknown}
 g - 11 potions of curing
 k - 2 potions of lignification
 m - 3 potions of heal wounds
 r - 3 potions of cancellation
 s - 2 potions of resistance {unknown}
 t - 4 potions of brilliance {unknown}
 u - 2 potions of flight
 z - a potion of berserk rage {unknown}
 A - a potion of magic {unknown}
 B - 2 potions of ambrosia
 F - a potion of might {unknown}
Comestibles
 c - 14 bread rations
 i - a royal jelly
 q - a meat ration
 w - 7 fruits


   Skills:
 + Level 7.5(6.3) Fighting
 + Level 5.6(4.5) Dodging
 + Level 3.7(2.7) Stealth
 * Level 11.7(10.5) Unarmed Combat
 + Level 2.1(1.2) Spellcasting
 - Level 10.8(9.6) Transmutations
   Level 0.0 Evocations


You couldn't memorise any spells.
You knew the following spells:

 Your Spells              Type           Power        Failure   Level  Hunger
a - Ice Form              Ice/Tmut       ####....     71%         4    #####..
b - Sticks to Snakes      Tmut           ####....     13%         2    ###....
c - Spider Form           Tmut/Pois      ###.......   43%         3    ####...
d - Blade Hands           Tmut           ####......   47%         5    ######.


Dungeon Overview and Level Annotations

Branches:
Dungeon (11/15)            Temple (1/1) D:6             Orc (0/2) D:10
   Lair: D:8-11

Altars:
Ashenzari
Cheibriados
Dithmenos
Elyvilon
Fedhas
Gozag
Hepliaklqana
Kikubaaqudgha
Makhleb
Nemelex Xobeh
Okawaru
Qazlal
Ru
Sif Muna
Trog
Uskayaw
Vehumet
Xom
Yredelemnul
Zin
The Shining One
Beogh

Shops:
D:5 (

Annotations:
D:11 bmj180's ghost, journeyman GrBe


Innate Abilities, Weirdness & Mutations

You can breathe blasts of scalding, opaque steam.
Your pale cyan-grey scales are hard. (AC +7)
You cannot fit into any form of body armour.
You are cold-blooded and may be slowed by cold attacks.
You are missing a hand.
You cannot study or use magical devices.
You are missing an eye, making it more difficult to aim.
You are agile. (Dex +2)
You can translocate small distances at will.
Your flesh is heat resistant. (rF+)
You are resistant to hostile enchantments. (MR+)
You occasionally shout uncontrollably at your foes.
You evolve.


Message History

Your hand turns into a razor-sharp scythe blade.
Your +0 pair of gloves melds into your body.
Bmj180's ghost is stunned by your will and fails to attack.
Press: ? - help, Shift-Dir - straight line, f/p - bmj180's ghost
Aim: bmj180's ghost, wielding a weapon of draining (lightly damaged)
You exhale a blast of scalding steam.
The ball of steam hits bmj180's ghost.
Bmj180's ghost is moderately damaged.
You are near starving!
Bmj180's ghost is engulfed in a cloud of scalding steam.
Bmj180's ghost is stunned by your will and fails to attack.
You hit bmj180's ghost but do no damage.
Bmj180's ghost is moderately damaged.
You hit bmj180's ghost but do no damage.
Bmj180's ghost is moderately damaged.
Bmj180's ghost is engulfed in a cloud of scalding steam.
Bmj180's ghost is stunned by your will and fails to attack.
You hit bmj180's ghost but do no damage.
You tail-slap bmj180's ghost.
Bmj180's ghost is moderately damaged.
Bmj180's ghost hits you!!
You feel drained.
Huge Dmg: -39%(-36hp) hp: 61%(56hp)
You slice bmj180's ghost!!
Bmj180's ghost is severely damaged.
Bmj180's ghost hits you!!
* * * LOW HITPOINT WARNING * * *
You feel drained.
* * * LOW HITPOINT WARNING * * *
Huge Dmg: -37%(-34hp) hp: 24%(22hp) Bmj180's ghost hits you!!
You die...

#.# ... ####.#
...............
...##...........#
...............#
#<##...........#
#@##...........#
#W##...........#
#.##...........#
#.##...........##
#...............#
#§##............#
#.##............#
#§##............#
#.#############.#


You could see bmj180's ghost.

Vanquished Creatures
  The ghost of Haldmier the Grappler, a journeyman TrMo of Elyvilon (D:9)
  5 two-headed ogres
  Joseph (D:7)
  Grinder (D:3)
  3 hippogriffs
  2 vampires
  Eustachio (D:6)
  5 yaks (D:9)
  A spriggan (D:9)
  Grum (D:10)
  Menkaure (D:7)
  A water moccasin (D:6)
  An eye of draining (D:11)
  6 sky beasts
  2 hornet zombies (D:10)
  4 phantoms
  2 black bears
  3 ice beasts
  4 ogres
  4 wolves (D:10)
  5 centaurs
  A big kobold (D:10)
  2 elf zombies (D:8)
  3 bullfrogs
  An elf skeleton (D:8)
  A wyvern zombie (D:8)
  2 scorpions
  7 killer bees
  3 howler monkeys
  A bullfrog zombie (D:7)
  10 crimson imps
  3 jellies
  5 hounds
  3 orc priests
  4 centaur skeletons
  5 iguanas
  10 orc wizards
  7 worker ants
  A statue (D:5)
  A killer bee zombie (D:9)
  3 mummies (Ossuary)
  2 worker ant zombies
  Robin (D:4)
  7 gnolls
  2 howler monkey skeletons
  13 adders
  3 shadow imps
  An ooze (D:1)
  3 worms
  4 dart slugs
  6 leopard geckos
  38 orcs
  5 giant cockroaches
  6 gnoll zombies (Ossuary)
  13 goblins
  13 hobgoblins
  10 jackals
  5 quokkas
  A ball python (D:5)
  6 bats
  4 frilled lizards
  2 gnoll skeletons (Ossuary)
  2 goblin skeletons (Ossuary)
  4 goblin zombies (Ossuary)
  2 hobgoblin skeletons (Ossuary)
  A jackal skeleton (D:9)
  7 kobolds
  A kobold zombie (Ossuary)
  A leopard gecko skeleton (D:4)
  A leopard gecko zombie (D:6)
  5 orc skeletons
  4 orc zombies (Ossuary)
  A quokka skeleton (D:4)
  2 quokka zombies (D:7)
  12 rats
  3 rat skeletons (Ossuary)
  A rat zombie (Ossuary)
319 creatures vanquished.

Vanquished Creatures (collateral kills)
  A killer bee (D:10)
  An adder (D:1)
2 creatures vanquished.

Vanquished Creatures (others)
  A mummy (Ossuary)
  2 gnoll skeletons (Ossuary)
  A gnoll zombie (Ossuary)
  2 goblin skeletons (Ossuary)
  A goblin zombie (Ossuary)
  3 hobgoblin skeletons (Ossuary)
  3 kobold skeletons (Ossuary)
  3 kobold zombies (Ossuary)
  2 orc skeletons (Ossuary)
  3 orc zombies (Ossuary)
  2 rat skeletons (Ossuary)
  A rat zombie (Ossuary)
24 creatures vanquished.

Grand Total: 345 creatures vanquished

Notes
Turn   | Place    | Note
-------+----------+-------------------------------------------
     0 | D:1      | Monsterracer the Draconian Transmuter began the quest for the Orb.
     0 | D:1      | Reached XP level 1. HP: 16/16 MP: 3/3
   169 | D:1      | Reached XP level 2. HP: 23/23 MP: 3/5
   325 | D:1      | Learned a level 2 spell: Sticks to Snakes
   462 | D:1      | HP: 10/23 [jackal (3)]
   709 | D:1      | Reached XP level 3. HP: 26/28 MP: 6/6
   942 | D:1      | Learned a level 3 spell: Spider Form
  1258 | D:2      | Reached skill level 4 in Unarmed Combat
  1301 | D:2      | Reached XP level 4. HP: 35/35 MP: 7/7
  1693 | D:3      | Noticed Grinder
  1864 | D:3      | HP: 15/35 [Grinder (11)]
  1875 | D:3      | HP: 5/35 [Grinder (6)]
  1875 | D:3      | HP: 1/35 [Grinder (4)]
  1899 | D:3      | Killed Grinder
  1899 | D:3      | Reached skill level 5 in Unarmed Combat
  1899 | D:3      | Reached XP level 5. HP: 6/40 MP: 6/8
  1899 | D:3      | Reached XP level 6. HP: 7/47 MP: 6/9
  2302 | D:3      | Reached skill level 5 in Transmutations
  2824 | D:3      | You fall through a shaft!
  3528 | D:4      | Your scales start taking on a pale cyan-grey colour.
  3528 | D:4      | Reached XP level 7. HP: 45/52 MP: 10/10
  3660 | D:4      | Noticed Robin
  3678 | D:4      | Reached skill level 6 in Unarmed Combat
  3692 | D:4      | Killed Robin
  4478 | D:5      | Entered Level 5 of the Dungeon
  4478 | D:5      | Found Iclon's Weapon Shop.
  4655 | D:5      | Gained mutation: You evolve. [mutagenic meat]
  4656 | D:5      | Gained mutation: You occasionally shout uncontrollably at your foes. [mutagenic meat]
  4657 | D:5      | Gained mutation: You can translocate small distances at will. [mutagenic meat]
  4658 | D:5      | Gained mutation: You have a pair of small antennae on your head. [mutagenic meat]
  4659 | D:5      | Gained mutation: You sometimes yell uncontrollably at your foes. [mutagenic meat]
  4780 | D:5      | Found a shadowy altar of Dithmenos.
  4782 | D:5      | Found a blossoming altar of Fedhas.
  4984 | D:5      | HP: 23/52 [phantom (7)]
  5256 | D:5      | Found a radiant altar of Vehumet.
  5387 | D:5      | Reached skill level 7 in Unarmed Combat
  5419 | D:5      | Reached XP level 8. HP: 43/59 MP: 8/11
  5610 | D:5      | Learned a level 5 spell: Blade Hands
  5724 | D:5      | Lost mutation: You have a pair of small antennae on your head. [evolution]
  6114 | D:6      | Noticed Eustachio
  6140 | D:6      | Killed Eustachio
  6383 | D:6      | HP: 27/61 [centaur/arrow (20)]
  6384 | D:6      | Reached skill level 8 in Unarmed Combat
  6696 | D:6      | Found a bloodstained altar of Trog.
  6697 | D:6      | Found a glowing silver altar of Zin.
  6838 | D:6      | HP: 30/62 [poisoned by a water moccasin]
  6843 | D:6      | HP: 27/63 [poisoned by a water moccasin]
  6848 | D:6      | HP: 23/63 [poisoned by a water moccasin]
  6854 | D:6      | HP: 21/63 [poisoned by a water moccasin]
  6862 | D:6      | HP: 20/63 [poisoned by a water moccasin]
  6870 | D:6      | HP: 19/63 [poisoned by a water moccasin]
  7128 | D:6      | Found a staircase to the Ecumenical Temple.
  7137 | Temple   | Entered the Ecumenical Temple
  7170 | Temple   | Became a worshipper of Ru the Awakened
  7382 | D:6      | Lost mutation: You sometimes yell uncontrollably at your foes. [evolution]
  7592 | D:6      | Reached XP level 9. HP: 59/69 MP: 12/12
  7896 | D:7      | Noticed Menkaure
  7902 | D:7      | Killed Menkaure
  8077 | D:7      | Found a white marble altar of Elyvilon.
  8132 | D:7      | Reached skill level 1 in Evocations
  8441 | D:7      | Noticed Joseph
  8452 | D:7      | Killed Joseph
  8452 | D:7      | Reached skill level 9 in Unarmed Combat
  9180 | D:8      | Gained mutation: You are missing a hand. [Ru sacrifice]
  9180 | D:8      | Reached * piety under Ru
  9180 | D:8      | Reached ** piety under Ru
  9180 | D:8      | Reached *** piety under Ru
  9209 | D:8      | Found a sand-covered staircase.
  9216 | Ossuary  | Entered an ossuary
  9885 | D:8      | Gained mutation: Your body sometimes deteriorates upon taking damage. [mutagenic meat]
  9886 | D:8      | Gained mutation: You are agile. (Dex +2) [mutagenic meat]
  9887 | D:8      | Gained mutation: Your flesh is heat resistant. (rF+) [mutagenic meat]
  9888 | D:8      | Lost mutation: Your body sometimes deteriorates upon taking damage. [mutagenic meat]
  9976 | D:8      | Reached skill level 5 in Fighting
 10017 | D:8      | Noticed a two-headed ogre
 10028 | D:8      | Killed a two-headed ogre
 10028 | D:8      | Reached XP level 10. HP: 81/81 MP: 8/13
 10363 | D:8      | Reached skill level 10 in Unarmed Combat
 10396 | D:8      | Found a blossoming altar of Fedhas.
 10641 | D:8      | Reached skill level 10 in Transmutations
 10736 | D:8      | Gained mutation: You cannot study or use magical devices. [Ru sacrifice]
 10736 | D:8      | Reached **** piety under Ru
 10736 | D:8      | Reached ***** piety under Ru
 10972 | D:9      | Found an ancient bone altar of Kikubaaqudgha.
 10997 | D:9      | Noticed a two-headed ogre
 11003 | D:9      | HP: 40/83 [two-headed ogre/giant club (20)]
 11005 | D:9      | Killed a two-headed ogre
 11040 | D:9      | Gained mutation: You are resistant to hostile enchantments. (MR+) [evolution]
 11221 | D:9      | Noticed a two-headed ogre
 11238 | D:9      | Killed a two-headed ogre
 11238 | D:9      | Reached skill level 1 in Stealth
 11606 | D:9      | Noticed a two-headed ogre
 11634 | D:9      | Killed a two-headed ogre
 11634 | D:9      | Reached XP level 11. HP: 91/91 MP: 8/14
 11712 | D:9      | Found an opulent altar of Gozag.
 11855 | D:9      | Noticed Haldmier's ghost (journeyman TrMo)
 11880 | D:9      | Killed Haldmier's ghost
 11880 | D:9      | Reached skill level 11 in Unarmed Combat
 11934 | D:9      | Found a hazy altar of Hepliaklqana.
 12052 | D:9      | Reached skill level 5 in Dodging
 12130 | D:10     | Entered Level 10 of the Dungeon
 12738 | D:10     | Found a staircase to the Orcish Mines.
 12746 | D:10     | Found a roughly hewn altar of Beogh.
 12860 | D:10     | Noticed Grum
 12883 | D:10     | Killed Grum
 13160 | D:10     | Noticed a two-headed ogre
 13180 | D:10     | Killed a two-headed ogre
 13412 | D:10     | Gained mutation: You are missing an eye, making it more difficult to aim. [Ru sacrifice]
 13661 | D:11     | Learned a level 4 spell: Ice Form
 13744 | D:11     | Noticed bmj180's ghost (journeyman GrBe)
 13772 | D:11     | HP: 31/92 [bmj180's ghost (25)]
 13773 | D:11     | Slain by bmj180's ghost

Skill      XL: |  1  2  3  4  5  6  7  8  9 10 11 |
---------------+----------------------------------+-----
Transmutations | 3 4 5 7 8 9 10 | 10.8
Unarmed Combat | 4 5 7 8 9 10 11 | 11.7
Fighting       | 3 5 6 7 |  7.5
Evocations     | 3 0 |  0.0
Dodging        | 3 4 5 |  5.6
Stealth        | 2 3 |  3.7
Spellcasting   | |  2.1

Action                   |  1- 3 |  4- 6 |  7- 9 | 10-12 || total
-------------------------+-------+-------+-------+-------++-------
Melee: Unarmed           |   116 |   170 |   485 |   279 ||  1050
       Tailslap          |    12 |     6 |    39 |    37 ||    94
       Kick              |     3 |       |       |       ||     3
       Headbutt          |     2 |       |       |       ||     2
       Punch             |     1 |       |     7 |       ||     8
 Cast: Beastly Appendage |     5 |     1 |       |       ||     6
       Sticks to Snakes  |     2 |       |       |       ||     2
       Spider Form       |     1 |     9 |    15 |       ||    25
       Blade Hands       |       |       |     4 |    13 ||    17
Invok: Sacrifice a Hand  |       |       |     1 |       ||     1
       Sacrifice Artific |       |       |       |     1 ||     1
       Power Leap        |       |       |       |     1 ||     1
       Sacrifice an Eye  |       |       |       |     1 ||     1
 Abil: Breathe Steam     |       |       |    17 |    30 ||    47
       End Transformatio |       |       |     3 |       ||     3
  Use: Potion            |       |     1 |       |       ||     1
       Scroll            |       |     9 |    14 |     3 ||    26
 Stab: Sleeping          |       |     1 |     1 |     1 ||     3
       Invisible         |       |       |       |     2 ||     2
       Distracted        |       |       |       |     1 ||     1
  Eat: Chunk             |     2 |     7 |    28 |    16 ||    53
       Fruit             |       |     1 |     3 |     4 ||     8
       Meat ration       |       |       |     1 |       ||     1
Armor: Skin              |    43 |    43 |   118 |    84 ||   288
Dodge: Dodged            |    91 |   132 |   287 |   153 ||   663

Vault maps used:
D:1:      dpeg_arrival_connections, minmay_pentomino_x2
D:2:      roderic_chinese_pattern_swastika
D:3:      guppyfry_early_orc_mine, uniq_grinder
D:4:      kennysheep_generic_room_13, uniq_robin
D:5:      chequers_temple_overflow_statue_of_worship, vehumet_statue,
          first_bread, serial_shops, shop, kennysheep_small_square
D:6:      gammafunk_temple_overflow_statue, minmay_temple_entry_nine_rooms,
          kennysheep_generic_room_16, uniq_eustachio
D:7:      basic_altar, hangedman_abyss_or_decor_stabs, uniq_joseph,
          uniq_menkaure
D:8:      nicolae_ossuary_entry_catacombs, fedhas_altar_2
D:9:      lemuel_doored_altar, lemuel_coloured_pillars_altar, basic_altar,
          the_bakery
D:10:     minmay_orc_entry_temple_small, uniq_grum
D:11:     erik_lair_orcish_takeover, uniq_erolcha
Temple:   minmay_temple_curvy_branch
Ossuary:  ossuary_due_pyramid
